 Dungeon Crawl Stone Soup version 0.26.1-11-gd32895ea62 (webtiles) character file.

Game seed: 4681732967237002348

4678 Almogavar the Destroyer (level 10, -3/75 HPs)
             Began as a Red Draconian Conjurer on May 9, 2021.
             Was a Believer of Sif Muna.
             Slain by a boulder beetle (13 damage)
             ... on level 9 of the Dungeon.
             The game lasted 00:45:56 (11995 turns).

Almogavar the Destroyer (Red Draconian Conjurer)   Turns: 11995, Time: 00:45:57

Health: -3/75      AC: 11    Str: 10    XL:     10   Next: 21%
Magic:  19/31      EV: 13    Int: 22    God:    Sif Muna [**....]
Gold:   614        SH:  0    Dex:  9    Spells: 20/26 levels left

rFire    + . .     SeeInvis .   G - +5 great sword (freeze)
rCold    . . .     Faith    .   (shield currently unavailable)
rNeg     . . .     Spirit   .   (armour unavailable)
rPois    .         Reflect  .   o - +0 hat
rElec    .         Harm     .   v - +2 cloak {Will+}
rCorr    .         Rampage  .   c - +0 pair of gloves
Will     +....                  (no boots)
Stlth    ++........             (no amulet)
HPRegen  0.22/turn              E - ring of magical power
MPRegen  0.22/turn              h - ring of wizardry

@: no status effects
A: breathe fire, unfitting armour, fire resistance 1, cold-blooded, AC +7
a: Breathe Fire, Renounce Religion, Channel Magic


You were on level 9 of the Dungeon.
You worshipped Sif Muna.
Sif Muna was pleased with you.
You visited 2 branches of the dungeon, and saw 11 of its levels.

You collected 614 gold pieces.

Inventory:

Hand Weapons
 A - a +0 falchion
 G - a +5 great sword of freezing (weapon)
Armour
 c - a +0 pair of gloves (worn)
 o - a +0 hat (worn)
 v - a +2 cloak of willpower (worn)
 H - a +0 kite shield
Magical Staves
 F - an uncursed staff of cold
Jewellery
 b - a +4 ring of evasion
 h - a ring of wizardry (right hand)
 i - an uncursed ring of see invisible
 E - a ring of magical power (left hand)
Wands
 e - a wand of paralysis (7)
 w - a wand of acid (7)
 y - a wand of flame (28)
 B - a wand of digging (3)
 D - a wand of polymorph (8)
Scrolls
 d - 2 scrolls of enchant armour
 j - a scroll of amnesia {unknown}
 l - 8 scrolls of enchant weapon {unknown}
 n - 4 scrolls of teleportation {unknown}
 p - 3 scrolls of fog
 q - 4 scrolls of remove curse
 u - 3 scrolls of fear {unknown}
 z - a scroll of blinking {unknown}
Potions
 a - 3 potions of curing
 f - 4 potions of heal wounds
 g - 2 potions of haste
 m - a potion of attraction {unknown}
 r - 4 potions of flight {unknown}
 s - 2 potions of resistance
 t - a potion of magic {unknown}
 x - a potion of ambrosia {unknown}
 C - a potion of brilliance {unknown}


   Skills:
 + Level 2.8 Fighting
 - Level 0.6(2.2) Short Blades
 + Level 3.4 Long Blades
 + Level 4.7 Dodging
 + Level 4.0 Stealth
 + Level 8.5 Spellcasting
 + Level 10.0 Conjurations


You had 20 spell levels left.
You knew the following spells:

 Your Spells              Type           Power        Failure   Level
a - Magic Dart            Conj           100%         1%          1
b - Searing Ray           Conj           100%         1%          2
c - Dazzling Flash        Conj/Hex       62%          1%          3

Your spell library contained the following spells:

 Spells                   Type           Power        Failure   Level
 Fulminant Prism          Conj/Hex       15%          3%          4
 Iskenderun's Mystic Bla  Conj/Tloc      31%          3%          4
 Confusing Touch          Hex            9%           9%          3
 Gell's Gravitas          Tloc           4%           9%          3
 Petrify                  Tmut/Erth      9%           26%         4
 Metabolic Englaciation   Hex/Ice        4%           58%         5
 Yara's Violent Unravell  Hex/Tmut       4%           58%         5


Dungeon Overview and Level Annotations

Branches:
Dungeon (10/15)            Temple (1/1) D:5             Orc (0/2) D:9
   Lair: D:8-11

Altars:
Ashenzari
Cheibriados
Dithmenos
Fedhas
Makhleb
Okawaru
Ru
Sif Muna
Vehumet
Xom


Innate Abilities, Weirdness & Mutations

You can breathe blasts of fire.
Your fiery red scales are hard. (AC +7)
You cannot fit into any form of body armour.
Your flesh is heat resistant. (rF+)
You are cold-blooded and may be slowed by cold attacks.


Message History

Aiming: Searing Ray (safe; 1% risk of failure)
Press: ? - help, Shift-Dir - straight line, f/p - boulder beetle
Aim: a boulder beetle (heavily wounded, 0% to evade)
The searing ray hits the boulder beetle.
The boulder beetle is heavily wounded. (Press . to maintain the ray.)
The boulder beetle bites you!
The searing ray hits the boulder beetle.
The boulder beetle is heavily wounded.
The boulder beetle bites you!!
* * * LOW HITPOINT WARNING * * *
The boulder beetle barely misses you.
You riposte.
You hit the boulder beetle. You freeze the boulder beetle.
The boulder beetle is heavily wounded.
You climb upwards.
There is a stone staircase leading down here.
Casting: Searing Ray (safe; 1% risk of failure)
Confirm with . or Enter, or press ? or * to list all spells.
The boulder beetle is dazzled.
The boulder beetle bites you!
You die...

#..# #.# ##.# #.#
#.# #.## #.# #..#
#.# #######.##
###'### ###.#...#...
#.....###...#.#.#.#.
#.B...##..#.#.#...#.
#..@..#..##.#.#####.
#...[.'.###.#.....#.
#.....### #.#####.#.
####### #.....#.#.
#.#####.#.
#.........
##########


You could see a boulder beetle (blind).

Vanquished Creatures
  A troll (D:9)
  Grinder (D:6)
  Sigmund (D:2)
  Menkaure (D:4)
  Edmund (D:4)
  Duvessa (D:4)
  4 orc warriors
  An ice beast (D:8)
  A sky beast (D:7)
  A black bear (D:7)
  2 phantoms
  3 ogres
  2 centaurs
  6 big kobolds
  3 bullfrogs
  2 gnoll sergeants (D:9)
  Dowan (D:4)
  A scorpion (D:6)
  A jelly (D:5)
  5 killer bees (D:8)
  2 howler monkeys
  4 wights (D:8)
  An electric eel (D:6)
  2 bullfrog zombies
  4 orc priests
  3 hounds
  Crazy Yiuf (D:3)
  A bullfrog skeleton (D:4)
  3 orc wizards
  3 centaur skeletons
  A gnoll shaman (D:8)
  3 iguanas
  3 worker ants
  A hound skeleton (D:4)
  A worker ant zombie (D:5)
  7 gnolls
  A howler monkey skeleton (D:8)
  10 adders
  4 shadow imps
  2 ufetubi
  An ooze (D:2)
  2 adder skeletons
  2 adder zombies
  5 worms
  3 leopard geckos
  45 orcs
  3 ball pythons
  8 bats
  8 giant cockroaches
  13 goblins
  11 hobgoblins
  9 jackals
  5 quokkas
  4 frilled lizards
  A jackal skeleton (D:5)
  12 kobolds
  A leopard gecko skeleton (D:7)
  2 quokka skeletons
  A quokka zombie (D:5)
  8 rats
240 creatures vanquished.

Vanquished Creatures (others)
  Eustachio (D:4)
  An ogre (D:4)
  A worker ant (D:4)
  An adder (D:4)
  A shadow imp (D:4)
  An adder skeleton (D:4)
  A dart slug (D:4)
  4 orcs (D:4)
11 creatures vanquished.

Grand Total: 251 creatures vanquished

Notes
Turn   | Place    | Note
-------+----------+-------------------------------------------
     0 | D:1      | Almogavar the Draconian Conjurer began the quest for the
                  | Orb.
     0 | D:1      | Reached XP level 1. HP: 14/14 MP: 3/3
   301 | D:1      | Reached XP level 2. HP: 20/20 MP: 1/5
  1212 | D:2      | Reached XP level 3. HP: 26/26 MP: 3/6
  1244 | D:2      | Noticed Sigmund
  1317 | D:2      | Killed Sigmund
  1318 | D:2      | Reached skill level 5 in Conjurations
  1318 | D:2      | Reached XP level 4. HP: 6/33 MP: 2/8
  1318 | D:2      | Reached XP level 5. HP: 7/38 MP: 2/9
  1596 | D:2      | Learned a level 2 spell: Searing Ray
  2635 | D:2      | Found a blossoming altar of Fedhas.
  3042 | D:3      | Reached skill level 6 in Conjurations
  3042 | D:3      | Reached XP level 6. HP: 45/45 MP: 4/11
  3099 | D:3      | Found a radiant altar of Vehumet.
  3679 | D:3      | Found a burning altar of Makhleb.
  3689 | D:3      | Found a sacrificial altar of Ru.
  4052 | D:3      | Found a runed translucent door.
  4053 | D:3      | Noticed Crazy Yiuf
  4088 | D:3      | Killed Crazy Yiuf
  4470 | D:4      | Your scales start taking on a fiery red colour.
  4470 | D:4      | Reached XP level 7. HP: 48/51 MP: 2/13
  4470 | D:4      | Gained mutation: Your flesh is heat resistant. (rF+) [Red
                  | Draconian growth]
  4521 | D:4      | Noticed Duvessa
  4531 | D:4      | Noticed Dowan
  4550 | D:4      | Killed Duvessa
  4572 | D:4      | Killed Dowan
  4573 | D:4      | Reached skill level 1 in Fighting
  4817 | D:4      | Found a radiant altar of Vehumet.
  4997 | D:4      | Killed Eustachio
  5191 | D:4      | Noticed Menkaure
  5200 | D:4      | Killed Menkaure
  5201 | D:4      | Reached skill level 7 in Conjurations
  5299 | D:4      | Found a shimmering altar of Xom.
  5325 | D:4      | Noticed Edmund
  5339 | D:4      | Killed Edmund
  5340 | D:4      | Reached skill level 5 in Spellcasting
  5514 | D:4      | Reached XP level 8. HP: 59/59 MP: 9/15
  5754 | D:4      | Learned a level 3 spell: Dazzling Flash
  5769 | D:5      | Entered Level 5 of the Dungeon
  6075 | D:5      | Found a staircase to the Ecumenical Temple.
  6084 | Temple   | Entered the Ecumenical Temple
  6121 | Temple   | Became a worshipper of Sif Muna the Loreminder
  7327 | D:6      | Noticed Grinder
  7344 | D:6      | Killed Grinder
  7345 | D:6      | Reached skill level 8 in Conjurations
  7562 | D:6      | Reached * piety under Sif Muna
  7652 | D:6      | Reached skill level 1 in Long Blades
  8283 | D:7      | Reached XP level 9. HP: 67/67 MP: 11/19
  8511 | D:7      | Found a shadowy altar of Dithmenos.
  9238 | D:8      | Reached skill level 9 in Conjurations
  9842 | D:8      | Found an iron altar of Okawaru.
  9863 | D:8      | Reached ** piety under Sif Muna
 10705 | D:9      | Found a staircase to the Orcish Mines.
 10705 | D:9      | Noticed a troll
 10720 | D:9      | Reached XP level 10. HP: 42/74 MP: 15/22
 10803 | D:9      | Reached skill level 10 in Conjurations
 11631 | D:10     | Entered Level 10 of the Dungeon
 11631 | D:10     | Noticed a boulder beetle
 11995 | D:9      | Slain by a boulder beetle

Illustrated notes

Levels and vault maps discovered:
D:1:      eino_arrival_druids_welcome, layout_basic, minmay_misc_feat_enclosed,
          minmay_misc_feat_cross
D:2:      layout_basic, fedhas_altar_1, serial_glass, glass_columns_a,
          glass_columns_a, minmay_guardbox, uniq_sigmund
D:3:      layout_basic, fiery_altar_vehumet,
          chequers_temple_overflow_statue_of_worship, uniq_crazy_yiuf_cottage
D:4:      layout_basic, xom_confusion_cloud, small_statue_intersection,
          nrook_mini_backslash, vehumet_altar_wand_db, uniq_eustachio,
          uniq_edmund, uniq_menkaure, uniq_duvessa
D:5:      layout_loops_corners, minmay_temple_entry_waves
D:6:      cheibrodos_helix_gallery, layout_cave_pools, kennysheep_small_square,
          uniq_grinder
D:7:      layout_basic, nicolae_dithmenos_through_a_glass_darkly
D:8:      layout_basic, old_standard_altar, minmay_misc_feat_nine_boxes
D:9:      layout_roguey, kennysheep_orc_monster_closet_entryway
D:10:     layout_cave_pools
Temple:   regret_index_temple_generic_petals

Skill      XL: |  1  2  3  4  5  6  7  8  9 10 |
---------------+-------------------------------+-----
Dodging        | 2 3 4 |  4.7
Stealth        | 2 3 4 |  4.0
Spellcasting   | 3 4 5 6 8 |  8.5
Conjurations   | 5 6 7 8 9 10 | 10.0
Fighting       | 1 2 |  2.8
Long Blades    | 1 3 |  3.4
Short Blades   | |  0.6

Action                   |  1- 3 |  4- 6 |  7- 9 | 10-12 || total
-------------------------+-------+-------+-------+-------++-------
Melee: Dagger            |    30 |    80 |    40 |       ||   150
       Tailslap          |     2 |     3 |     7 |     1 ||    13
       Falchion          |       |       |    23 |       ||    23
       Great sword       |       |       |     7 |     3 ||    10
       Staff             |       |       |     2 |       ||     2
 Cast: Magic Dart        |    48 |   122 |   176 |    12 ||   358
       Searing Ray       |       |    10 |    72 |    16 ||    98
       Dazzling Flash    |       |       |       |     1 ||     1
  Use: Scroll            |       |     4 |     8 |       ||    12
       Potion            |       |       |       |     1 ||     1
Armor: Skin              |    10 |    23 |    48 |     8 ||    89
Dodge: Dodged            |    23 |    80 |   128 |    22 ||   253
       Rpst.: Falchion   |       |       |    14 |       ||    14
       Great sword       |       |       |       |     5 ||     5
